Map: Fort-Levant EC

Players

DontCare

  • Race: Terran Terran
  • League: Master
  • Spawn Location: 7:00

llllllllllll - Winner!

  • Race: Zerg Zerg
  • League: Grandmaster
  • Spawn Location: 1:00

VOD

Have the link to the VOD?

Description

Time

  • Played on: May 3, 2018, 9:43 a.m.
  • Length: 13:04
Show
View Real Time Build Order
Export as new Build Order

DontCare Terran 

Build Orders: Reaper Expand, Mech 

Get SALT Encoding   

  12  0:01  SCV  
  13  0:13  SCV  
  14  0:18  Supply Depot  
  14  0:25  SCV  
  15  0:29  Refinery  
  15  0:40  SCV  
  16  0:46  Barracks  
  16  0:52  SCV  
  17  1:04  SCV  
  18  1:16  SCV  
  19  1:34  Reaper  
  19  1:35  Orbital Command  
  20  1:44  Command Center  
  20  1:55  Factory  
  20  2:01  SCV  
  21  2:09  Supply Depot  
  21  2:10  Barracks Reactor  
  21  2:16  SCV  
  21  2:21  Refinery  
  22  2:28  SCV  
  23  2:40  SCV  
  24  2:44  Starport  
  24  2:55  SCV  
  24  2:56  Orbital Command  
  29  3:07  SCV  
  29  3:14  Cyclone  
  28  3:22  Bunker  
  28  3:26  Barracks Tech Lab  
  28  3:30  SCV  
  28  3:32  Supply Depot  
  29  3:34  Supply Depot  
  29  3:39  Cyclone  
  32  3:47  Marauder  
  34  3:56  Hellion  
  34  3:57  SCV  
  34  3:59  Supply Depot  
  37  4:08  Marauder  
  39  4:11  Hellion  
  41  4:25  SCV  
  41  4:30  Orbital Command, Command Center  
  42  4:44  Supply Depot  
  42  4:45  Banshee  
  45  4:56  SCV x2  
  47  5:07  Cloaking Field  
  47  5:08  SCV x2  
  49  5:18  Refinery  
  49  5:20  SCV x2  
  49  5:21  Supply Depot  
  51  5:30  Banshee  
  51  5:32  SCV x2  
  56  5:43  Orbital Command  
  56  5:44  SCV x2  
  56  5:45  Supply Depot  
  56  5:47  Factory  
  58  5:50  Factory  
  58  5:54  Armory  
  58  5:55  Armory  
  58  5:56  Refinery, SCV x2  
  60  5:59  Hellion  
  60  6:00  Hellion  
  64  6:08  SCV x2  
  64  6:11  Supply Depot  
  69  6:20  SCV x2  
  71  6:26  Supply Depot  
  71  6:32  SCV  
  71  6:33  SCV  
  71  6:34  Factory  
  71  6:35  Factory  
  71  6:37  Orbital Command  
  70  6:45  Starport Tech Lab, SCV  
  71  6:56  SCV  
  71  6:57  SCV  
  73  7:04  SCV  
  73  7:08  SCV  
  75  7:09  SCV  
  75  7:10  Terran Vehicle Weapons Level 1  
  75  7:12  Terran Vehicle And Ship Armor Level 1  
  76  7:16  Starport Reactor, Engineering Bay, SCV  
  76  7:20  SCV  
  76  7:21  Factory, SCV  
  79  7:28  Siege Tank  
  79  7:29  Siege Tank, Hellion x2, SCV  
  90  7:32  SCV  
  91  7:43  Refinery x2  
  91  7:50  Cyclone  
  94  7:53  Hellion, Infernal Pre-Igniter  
  89  7:59  SCV  
  89  8:03  SCV  
  85  8:08  Siege Tank, Hellion  
  85  8:09  Factory Tech Lab  
  85  8:11  Orbital Command  
  90  8:14  Hellion  
  90  8:15  Liberator x2  
  92  8:20  SCV x2  
  92  8:21  Missile Turret  
  92  8:23  Missile Turret  
  92  8:26  Command Center  
  94  8:31  Siege Tank  
  94  8:33  SCV x2  
  105  8:40  SCV  
  106  8:45  SCV x2  
  106  8:46  Refinery  
  106  8:47  Refinery  
  108  8:53  SCV  
  109  8:57  SCV  
  109  8:58  SCV  
  111  9:03  Factory  
  111  9:05  SCV, Missile Turret  
  111  9:09  Terran Vehicle Weapons Level 2  
  113  9:10  SCV x2, Terran Vehicle And Ship Armor Level 2, Sensor Tower  
  114  9:22  Hellion  
  116  9:29  SCV  
  117  9:37  Thor, SCV x2  
  117  9:38  Hellion  
  127  9:40  Siege Tank  
  130  9:54  Factory Reactor  
  130  9:55  SCV  
  130  9:59  Supply Depot x2  
  131  10:02  Supply Depot  
  131  10:08  Siege Tank  
  101  10:14  Siege Tank  
  101  10:15  Hellion  
  83  10:25  Siege Tank  
  83  10:26  Hellion  
  73  10:33  Hellion x2  
  70  10:36  Hellion  
  70  10:40  Siege Tank  
  58  10:46  Hellion  
  58  10:47  Hellion  
  57  10:54  Hellion x2  
  59  10:57  Siege Tank  
  59  11:02  SCV x3  
  65  11:08  Siege Tank  
  68  11:14  SCV x2  
  69  11:33  Siege Tank  
  69  11:34  Hellion  
  69  11:37  SCV  
  76  11:40  SCV  
  76  11:42  SCV  
  65  12:02  Siege Tank  
  65  12:03  Hellion x2  
  65  12:06  Siege Tank x2, Hellion  
  65  12:07  SCV x2  
  65  12:08  SCV  
  81  12:19  SCV  
  81  12:20  SCV x2  
  84  12:26  Missile Turret  
  84  12:32  SCV x3  
  90  12:44  SCV x2  
Show
View Real Time Build Order
Export as new Build Order

llllllllllll Zerg - Winner!

Build Orders: Hatch First 

Get SALT Encoding   

  12  0:00  Drone  
  13  0:12  Overlord  
  13  0:17  Drone  
  14  0:30  Drone  
  14  0:31  Drone  
  14  0:34  Drone  
  17  0:51  Hatchery  
  17  0:56  Drone  
  17  0:59  Drone  
  18  1:06  Drone  
  18  1:10  Extractor  
  18  1:16  Spawning Pool  
  17  1:19  Drone  
  18  1:28  Drone  
  19  1:38  Drone  
  20  1:50  Drone  
  21  2:02  Drone  
  21  2:04  Roach Warren, Queen x2  
  21  2:07  Zergling x2  
  26  2:11  Zergling x2  
  26  2:15  Overlord  
  27  2:23  Drone  
  28  2:44  Roach  
  28  2:45  Roach x3  
  36  2:58  Overlord  
  36  3:06  Hatchery  
  35  3:17  Queen  
  35  3:18  Drone  
  35  3:19  Drone x3  
  41  3:21  Ravager x2  
  43  3:37  Drone, Overlord  
  44  3:50  Overlord  
  44  3:58  Ravager  
  45  4:04  Drone  
  45  4:05  Drone x5  
  45  4:08  Ravager  
  50  4:33  Spore Crawler  
  50  4:34  Spore Crawler  
  50  4:35  Drone x3, Spore Crawler  
  50  4:36  Drone x5  
  55  4:41  Spore Crawler  
  55  4:42  Extractor  
  55  4:43  Evolution Chamber  
  55  4:44  Evolution Chamber  
  51  4:49  Spore Crawler  
  50  4:58  Drone  
  50  4:59  Drone x7  
  58  5:01  Overlord x2  
  58  5:21  Extractor  
  58  5:22  Drone  
  58  5:25  Zerg Melee Weapons Level 1  
  58  5:26  Zerg Missile Weapons Level 1  
  58  5:28  Drone  
  58  5:29  Drone x8  
  67  5:45  Overlord  
  67  5:46  Overlord  
  67  5:58  Overlord x2  
  67  6:04  Roach x3  
  67  6:05  Roach x4  
  81  6:14  Overlord x3  
  81  6:27  Drone  
  81  6:29  Drone  
  81  6:31  Metabolic Boost  
  81  6:32  Baneling Nest  
  82  6:35  Hatchery  
  80  6:58  Zergling x2  
  80  6:59  Zergling x40  
  101  7:07  Drone  
  102  7:08  Lair  
  100  7:42  Overlord x2  
  100  7:43  Overlord  
  100  8:10  Hatchery x2, Drone  
  100  8:11  Drone  
  97  8:14  Zerg Missile Weapons Level 2, Zerg Melee Weapons Level 2  
  97  8:16  Centrifical Hooks, Glial Reconstitution  
  97  8:28  Drone x3  
  98  8:37  Roach x3  
  98  8:38  Roach x19  
  98  8:40  Overlord x3  
  142  8:49  Spore Crawler x2  
  139  8:55  Spore Crawler  
  137  9:09  Zergling x6  
  143  9:10  Zergling x20  
  150  9:23  Roach  
  150  9:24  Roach x9  
  171  9:39  Baneling x3  
  171  9:40  Baneling x7  
  171  9:41  Zergling x2  
  171  9:42  Zergling x18  
  181  9:48  Baneling  
  181  9:49  Baneling x2  
  181  9:50  Baneling  
  177  10:04  Zergling x2  
  177  10:05  Zergling x6  
  140  10:18  Zergling x2  
  140  10:19  Zergling x26  
  98  10:36  Roach  
  98  10:37  Roach x8  
  109  10:47  Roach x5  
  94  11:07  Roach x8  
  94  11:08  Roach x3  
  113  11:22  Roach  
  113  11:23  Roach x4  
  113  11:24  Zergling x12  
  113  11:25  Zergling x4, Queen  
  126  11:32  Zergling x2  
  128  11:40  Zergling x24  
  128  11:41  Zergling x4  
  129  11:55  Drone x7  
  131  12:12  Drone x2  
  133  12:17  Baneling x5  
  133  12:18  Baneling x13  
  133  12:20  Zergling x24  
  133  12:21  Zergling x2  
  145  12:33  Zergling x2  
  145  12:34  Zergling x24  
Tags
 
Add a new tag
Caveats
  • Supply blocks, unpowered buildings, or Contaminate may cause inaccurate times.
  • Supply counts are checked every 10 seconds.